 Dungeon Crawl Stone Soup version 0.29.0-4-gdea44cf6ec (webtiles) character file.

Game seed: 17569236127340052133

9884 qw the Cleaver (level 11, -1/72 HPs)
             Began as a Gargoyle Berserker on Sept 6, 2022.
             Was an Elder of Trog.
             Slain by an orange demon (2 damage)
             ... led by Amaemon
             ... on level 1 of the Lair of Beasts.
             The game lasted 00:03:37 (12439 turns).

qw the Cleaver (Gargoyle Berserker)                Turns: 12439, Time: 00:03:37

Health: -1/72      AC: 30    Str: 24    XL:     11   Next: 53%
Magic:  11/11      EV:  7    Int:  9    God:    Trog [****..]
Gold:   438        SH:  0    Dex:  9    Spells: 10/10 levels left

rFire   . . .      SeeInvis +   Y - +5 war axe (flame)
rCold   . . .      Faith    .   (no shield)
rNeg    + . .      Spirit   .   f - +0 plate armour
rPois   inf        Reflect  .   s - +0 helmet
rElec   +          Harm     .   o - +0 cloak
rCorr   .          Rampage  .   (no gloves)
Will    .....                   k - +0 pair of boots
Stlth   ..........              e - amulet of the acrobat
HPRegen 0.22/turn               j - ring of see invisible
MPRegen 0.12/turn               m - +4 ring of protection

@: about to teleport, on berserk cooldown, slowed, very slow
A: sickness immunity, AC +8, negative energy resistance 1, electricity
resistance, torment resistance 1, petrification resistance
a: Renounce Religion, Berserk, Trog's Hand, Brothers in Arms


You were on level 1 of the Lair of Beasts.
You worshipped Trog.
Trog was greatly pleased with you.
You visited 2 branches of the dungeon, and saw 10 of its levels.

You collected 608 gold pieces.
You spent 170 gold pieces at shops.


Innate Abilities, Weirdness & Mutations

You are immune to sickness and miasma.
Your stone body is resilient. (AC +8)
You are immune to poison.
You resist negative energy. (rN+)
You are resistant to electric shocks. (rElec)
You are resistant to unholy torment.
You are immune to petrification.


   Skills:
 + Level 9.8 Fighting
 - Level 12.0 Axes
 - Level 3.2 Throwing
 - Level 9.4 Armour
 - Level 2.0 Dodging


You had 10 spell levels left.
You didn't know any spells.
Your spell library was empty.

Inventory:

Hand Weapons
 Y - a +5 war axe of flaming (weapon)
Missiles
 h - 15 boomerangs
 u - 6 javelins (quivered)
Armour
 f - a +0 plate armour (worn)
 k - a +0 pair of boots (worn)
 o - a +0 cloak (worn)
 s - a +0 helmet (worn)
Jewellery
 d - a +6 ring of strength
 e - an amulet of the acrobat (around neck)
 j - a ring of see invisible (left hand)
 m - a +4 ring of protection (right hand)
 p - an amulet of regeneration
Scrolls
 a - 6 scrolls of identify
 g - 10 scrolls of teleportation
Potions
 b - 7 potions of curing
 c - 2 potions of heal wounds
 i - a potion of haste
 l - 2 potions of mutation

Dungeon Overview and Level Annotations

Branches:
Dungeon (9/15)             Temple (0/1) D:6            Lair (1/5) D:9
    Orc (0/2) D:9

Altars:
Cheibriados
Fedhas
Gozag
Hepliaklqana
Okawaru
Wu Jian
Xom
Yredelemnul
Zin

Shops:
D:6 ?

Annotations:
D:4 2 runed translucent doors, qw's ghost, amateur GrBe
D:7 1 runed translucent door, qw's ghost, novice GrBe
D:9 1 runed translucent door, qw's ghost, journeyman TrCA


Message History

You hit the komodo dragon. You burn the komodo dragon.
Amaemon barely misses you. Amaemon claws you but does no damage.
Amaemon tail-slaps you but does no damage.
The komodo dragon bites you.
You slash Amaemon! You burn Amaemon.
Amaemon is almost dead.
You hit the komodo dragon. You burn the komodo dragon.
Amaemon casts a spell.
The komodo dragon bites you but does no damage.
Amaemon gestures at the scorpion while chanting.
The scorpion seems to grow toxic.
The komodo dragon bites you but does no damage.
You slash Amaemon! You burn Amaemon.
You kill Amaemon!
Trog accepts your kill.
Trog appreciates your killing of a magic user.
You can now call in reinforcements.
The scorpion disappears in a puff of smoke! x3
You slash the komodo dragon! You burn the komodo dragon.
The cane toad barely misses you. The komodo dragon bites you!!
You hit the komodo dragon but do no damage.
The komodo dragon is severely wounded.
You slash the cane toad! You burn the cane toad.
The cane toad no longer looks unusually toxic.
The cane toad stings you! The komodo dragon barely misses you.
The orange demon stings you but does no damage.
The cane toad stings you but does no damage.
You barely miss the komodo dragon.
The komodo dragon is severely wounded.
You slash the cane toad! You burn the cane toad.
The orange demon stings you but does no damage.
The komodo dragon bites you. The cane toad stings you!
The komodo dragon closely misses you.
The orange demon stings you but does no damage.
12439 ||| READING 11 scrolls of teleportation.
As you read the scroll of teleportation, it crumbles to dust.
You feel strangely unstable. The cane toad barely misses you.
The komodo dragon bites you! The orange demon stings you from afar.
You die...

#...............#
#...............##
#..........#..##.#
##........#..8..##
###.............# #
##.##......#8.>.8#####...
.................#.......
............#...#.(....#
#..#.#..##.###+#@#..####
#.##.....###...lF###...
#.#.##.##.#.#...#4 ###
..'.......#..... ..
#.#...8.......8. ...
#............... ....
###.#.....#..... .#..#
##.....###.... ##...
##.##.#


You could see an orange demon, a komodo dragon and a cane toad.

Vanquished Creatures
  Erolcha (D:9)
  A hydra (Lair:1)
  Amaemon (Lair:1)
  Joseph (D:9)
  A cane toad (Lair:1)
  3 hornets (D:9)
  Sigmund (D:4)
  A wraith (D:9)
  2 wyverns
  9 yaks (D:9)
  Grum (D:8)
  A steam dragon (D:8)
  A warg (D:9)
  2 water moccasins
  3 black bears
  An ice beast (D:6)
  9 orc warriors
  5 ogres
  2 wolves (D:8)
  2 centaurs
  A kobold brigand (D:9)
  A bullfrog (Lair:1)
  2 necrophages (D:6)
  A gnoll sergeant (D:7)
  5 scorpions
  13 wights (D:8)
  5 howler monkeys
  4 jellies
  7 hounds
  A gnoll bouda (D:6)
  6 orc priests
  3 iguanas
  An orc wizard (D:9)
  4 gnolls (D:7)
  14 adders
  3 river rats (D:4)
  A white imp (D:6)
  An ufetubus (D:6)
  A worm (D:4)
  4 dart slugs
  61 orcs
  6 ball pythons
  7 endoplasms
  4 giant cockroaches
  9 hobgoblins
  3 quokkas
  2 bats
  4 frilled lizards
  5 goblins
  5 kobolds
  6 rats
238 creatures vanquished.

Vanquished Creatures (others)
  13 plants
13 creatures vanquished.

Grand Total: 251 creatures vanquished

Notes
Turn   | Place    | Note
-------+----------+-------------------------------------------
     0 | D:1      | qw the Gargoyle Berserker began the quest for the Orb.
     0 | D:1      | Reached XP level 1. HP: 14/14 MP: 1/1
     0 | D:1      | 0 ||| qw: Version: 0.1-a-107-g9ff403c
     0 | D:1      | 0 ||| qw: Game counter: 6067
     0 | D:1      | 0 ||| qw: Always use a shield: true
     0 | D:1      | 0 ||| qw: Do Orc after D:15 true
     0 | D:1      | 0 ||| qw: Do second Lair branch before Depths: true
     0 | D:1      | 0 ||| qw: Lair rune preference: random
     0 | D:1      | 0 ||| qw: Plans: Normal
     0 | D:1      | 0 ||| PLANNING D:1-11
     5 | D:1      | Noticed an electric eel
    17 | D:1      | 17 ||| Stepping randomly (stuck).
    18 | D:1      | 18 ||| Stepping randomly (stuck).
    19 | D:1      | 19 ||| Stepping randomly (stuck).
   141 | D:1      | Reached skill level 3 in Axes
   145 | D:1      | 145 ||| Stepping ~*~*~tactically~*~*~ (stealth).
   153 | D:1      | 153 ||| INVOKING Berserk.
   153 | D:1      | HP: 4/21 [goblin/+0 club (3)]
   156 | D:1      | Reached XP level 2. HP: 6/19 MP: 2/2
   737 | D:1      | 737 ||| Stepping ~*~*~tactically~*~*~ (hiding).
   833 | D:1      | 833 ||| INVOKING Berserk.
  1126 | D:1      | Found a faded altar of an unknown god.
  1147 | D:1      | 1147 ||| Stepping ~*~*~tactically~*~*~ (stealth).
  1452 | D:1      | Reached XP level 3. HP: 23/23 MP: 3/3
  1592 | D:1      | 1592 ||| UPGRADING to +0 ring mail.
  1602 | D:1      | 1602 ||| DROPPING +0 animal skin.
  1603 | D:1      | 1603 ||| UPGRADING to amulet of the acrobat.
  1608 | D:1      | 1608 ||| UPGRADING to ring of see invisible.
  1609 | D:1      | 1609 ||| READING 3 scrolls labelled OSODYKAMINT.
  1610 | D:1      | 1610 ||| READING 3 scrolls labelled ITEELESEANN.
  1615 | D:1      | 1615 ||| READING scroll labelled IFIKOEMIPP.
  1616 | D:1      | 1616 ||| READING 2 scrolls of identify.
  1616 | D:1      | 1616 ||| IDENTIFYING ruby potion
  1668 | D:2      | You fall into a shaft and drop 2 floors!
  1670 | D:4      | 1670 ||| PLANNING SEWER
  1719 | D:4      | Reached skill level 4 in Axes
  1753 | D:4      | 1753 ||| DROPPING +0 club.
  1754 | D:4      | 1754 ||| DROPPING +0 whip.
  1764 | D:4      | Found a runed translucent door.
  1794 | D:4      | Noticed qw's ghost (amateur GrBe)
  1804 | D:4      | 1804 ||| Stepping ~*~*~tactically~*~*~ (stealth).
  1805 | D:4      | 1805 ||| Stepping ~*~*~tactically~*~*~ (stealth).
  1815 | D:4      | Reached ** piety under Trog
  1873 | D:4      | Reached XP level 4. HP: 26/28 MP: 4/4
  1892 | D:4      | Found a runed translucent door.
  1901 | D:4      | 1901 ||| SWAPPING to +0 war axe.
  1902 | D:4      | 1902 ||| DROPPING +0 hand axe.
  2291 | D:4      | 2291 ||| RIP SEWER
  2296 | D:4      | 2296 ||| PLANNING D:1-11
  2296 | D:4      | 2296 ||| UPGRADING to +0 scale mail.
  2306 | D:4      | 2306 ||| DROPPING +0 ring mail.
  2307 | D:4      | 2307 ||| READING scroll labelled RORIRA NUMIC.
  2658 | D:3      | Reached skill level 5 in Axes
  2676 | D:3      | 2676 ||| Stepping ~*~*~tactically~*~*~ (stealth).
  2684 | D:3      | Reached XP level 5. HP: 28/32 MP: 5/5
  2793 | D:3      | 2793 ||| UPGRADING to +0 pair of boots.
  2798 | D:3      | 2798 ||| UPGRADING to +0 chain mail.
  2808 | D:3      | 2808 ||| DROPPING +0 scale mail.
  2809 | D:3      | 2809 ||| READING scroll labelled MAUXUTS GODE.
  2810 | D:3      | 2810 ||| READING scroll labelled AHUFEU MOEH.
  2986 | D:2      | 2986 ||| Stepping ~*~*~tactically~*~*~ (stealth).
  3282 | D:2      | 3282 ||| Stepping ~*~*~tactically~*~*~ (stealth).
  3283 | D:2      | 3283 ||| Stepping ~*~*~tactically~*~*~ (stealth).
  3394 | D:2      | Found a basalt altar of Yredelemnul.
  3507 | D:2      | 3507 ||| READING scroll labelled XAGOLY VIYTAG.
  3508 | D:2      | 3508 ||| DRINKING 2 green potions.
  3595 | D:3      | 3595 ||| READING scroll of enchant weapon.
  3595 | D:3      | 3595 ||| ENCHANTING +1 war axe.
  3693 | D:3      | 3693 ||| Stepping ~*~*~tactically~*~*~ (hiding).
  3697 | D:3      | 3697 ||| Stepping ~*~*~tactically~*~*~ (hiding).
  3827 | D:3      | Reached *** piety under Trog
  3956 | D:3      | 3956 ||| UPGRADING to +4 ring of protection.
  4363 | D:4      | 4363 ||| INVOKING Berserk.
  4365 | D:4      | Reached XP level 6. HP: 38/38 MP: 6/6
  4575 | D:4      | Found a blossoming altar of Fedhas.
  4665 | D:4      | 4665 ||| INVOKING Berserk.
  4776 | D:4      | Noticed Sigmund
  4778 | D:4      | 4778 ||| INVOKING Berserk.
  4784 | D:4      | Killed Sigmund
  4785 | D:4      | Reached skill level 6 in Axes
  4785 | D:4      | Reached XP level 7. HP: 43/43 MP: 7/7
  5165 | D:4      | 5165 ||| UPGRADING to +0 helmet.
  5170 | D:4      | 5170 ||| READING scroll labelled MESEDE WECO.
  5171 | D:4      | 5171 ||| READING 4 scrolls of identify.
  5171 | D:4      | 5171 ||| IDENTIFYING clear potion
  5172 | D:4      | 5172 ||| READING 3 scrolls of identify.
  5172 | D:4      | 5172 ||| IDENTIFYING bubbling amethyst potion
  5173 | D:4      | 5173 ||| READING 2 scrolls of identify.
  5173 | D:4      | 5173 ||| IDENTIFYING glowing cyan potion
  5174 | D:4      | 5174 ||| DROPPING potion of ambrosia.
  5175 | D:4      | 5175 ||| DROPPING potion of berserk rage.
  5176 | D:4      | 5176 ||| DROPPING potion of degeneration.
  5188 | D:5      | Entered Level 5 of the Dungeon
  5190 | D:5      | 5190 ||| STAIRDANCE
  5218 | D:5      | 5218 ||| STAIRDANCE
  5224 | D:4      | Reached skill level 3 in Armour
  5312 | D:5      | 5312 ||| Stepping ~*~*~tactically~*~*~ (stealth).
  5317 | D:5      | 5317 ||| INVOKING Berserk.
  5321 | D:5      | Reached skill level 7 in Axes
  5430 | D:5      | 5430 ||| INVOKING Berserk.
  5603 | D:5      | Reached XP level 8. HP: 49/49 MP: 8/8
  5606 | D:5      | Found a glowing silver altar of Zin.
  5617 | D:5      | 5617 ||| DRINKING 2 murky coppery potions.
  5618 | D:5      | 5618 ||| READING 2 scrolls of identify.
  5618 | D:5      | 5618 ||| IDENTIFYING inky potion
  5619 | D:5      | 5619 ||| DROPPING potion of attraction.
  5620 | D:5      | 5620 ||| READING 7 scrolls of teleportation.
  5634 | D:5      | 5634 ||| READING 6 scrolls of teleportation.
  5740 | D:5      | 5740 ||| INVOKING Berserk.
  5883 | D:5      | 5883 ||| SWAPPING to +1 war axe of flaming.
  5884 | D:5      | 5884 ||| DROPPING +0 flail.
  5885 | D:5      | 5885 ||| DROPPING +2 war axe.
  6004 | D:5      | 6004 ||| READING scroll labelled VIMETOSESU.
  6010 | D:6      | 6010 ||| INVOKING Berserk.
  6021 | D:6      | Reached skill level 8 in Axes
  6030 | D:6      | 6030 ||| FLEEEEING.
  6031 | D:6      | 6031 ||| STAIRDANCE
  6136 | D:6      | 6136 ||| STAIRDANCE
  6144 | D:6      | 6144 ||| STAIRDANCE
  6163 | D:6      | 6163 ||| INVOKING Berserk.
  6175 | D:6      | Reached skill level 6 in Fighting
  6192 | D:6      | 6192 ||| Stepping ~*~*~tactically~*~*~ (stealth).
  6213 | D:6      | Found Ycomuokk's Magic Scroll Shop.
  6220 | D:6      | 6220 ||| BUYING scroll of enchant weapon (82 gold).
  6220 | D:6      | Bought a scroll of enchant weapon for 82 gold pieces
  6220 | D:6      | 6220 ||| BUYING scroll of identify (22 gold).
  6220 | D:6      | Bought a scroll of identify for 22 gold pieces
  6220 | D:6      | 6220 ||| BUYING scroll of teleportation (33 gold).
  6220 | D:6      | Bought a scroll of teleportation for 33 gold pieces
  6220 | D:6      | 6220 ||| BUYING scroll of teleportation (33 gold).
  6220 | D:6      | Bought a scroll of teleportation for 33 gold pieces
  6220 | D:6      | 6220 ||| READING scroll of enchant weapon.
  6220 | D:6      | 6220 ||| ENCHANTING +1 war axe of flaming.
  6286 | D:6      | 6286 ||| Stepping ~*~*~tactically~*~*~ (stealth).
  6308 | D:6      | Found a staircase to the Ecumenical Temple.
  6389 | D:6      | 6389 ||| INVOKING Berserk.
  6393 | D:6      | Reached skill level 9 in Axes
  6393 | D:6      | Reached XP level 9. HP: 55/55 MP: 9/9
  6586 | D:6      | 6586 ||| INVOKING Berserk.
  6727 | D:6      | 6727 ||| Stepping ~*~*~tactically~*~*~ (stealth).
  6737 | D:6      | 6737 ||| INVOKING Berserk.
  6925 | D:6      | 6925 ||| INVOKING Berserk.
  7033 | D:6      | Found a snail-covered altar of Cheibriados.
  7036 | D:6      | Found an iron altar of Okawaru.
  7051 | D:6      | 7051 ||| Stepping ~*~*~tactically~*~*~ (stealth).
  7052 | D:6      | 7052 ||| Stepping ~*~*~tactically~*~*~ (stealth).
  7053 | D:6      | 7053 ||| Stepping ~*~*~tactically~*~*~ (stealth).
  7055 | D:6      | 7055 ||| Stepping ~*~*~tactically~*~*~ (stealth).
  7056 | D:6      | 7056 ||| Stepping ~*~*~tactically~*~*~ (stealth).
  7057 | D:6      | 7057 ||| Stepping ~*~*~tactically~*~*~ (stealth).
  7067 | D:6      | 7067 ||| Stepping ~*~*~tactically~*~*~ (stealth).
  7131 | D:6      | 7131 ||| INVOKING Berserk.
  7253 | D:6      | 7253 ||| READING scroll of enchant weapon.
  7253 | D:6      | 7253 ||| ENCHANTING +2 war axe of flaming.
  7307 | D:6      | Found a shimmering altar of Xom.
  7395 | D:6      | 7395 ||| READING 2 scrolls labelled RAASHRO LESMAH.
  7396 | D:6      | 7396 ||| DRINKING 2 fizzy emerald potions.
  7397 | D:6      | 7397 ||| READING 3 scrolls of identify.
  7397 | D:6      | 7397 ||| IDENTIFYING sedimented black potion
  7398 | D:6      | 7398 ||| READING 2 scrolls of identify.
  7398 | D:6      | 7398 ||| IDENTIFYING coppery potion
  7399 | D:6      | 7399 ||| DROPPING scroll of magic mapping.
  7400 | D:6      | 7400 ||| DROPPING potion of brilliance.
  7401 | D:6      | 7401 ||| DROPPING potion of magic.
  7402 | D:6      | 7402 ||| DROPPING potion of flight.
  7446 | D:7      | 7446 ||| Stepping ~*~*~tactically~*~*~ (hiding).
  7746 | D:7      | Found an opulent altar of Gozag.
  8069 | D:7      | Found a runed translucent door.
  8070 | D:7      | Noticed qw's ghost (novice GrBe)
  8184 | D:7      | 8184 ||| Stepping ~*~*~tactically~*~*~ (stealth).
  8185 | D:7      | 8185 ||| Stepping ~*~*~tactically~*~*~ (stealth).
  8187 | D:7      | 8187 ||| INVOKING Berserk.
  8501 | D:7      | 8501 ||| READING scroll labelled PIYLUA PELAUTT.
  8580 | D:8      | 8580 ||| INVOKING Berserk.
  8585 | D:8      | Reached skill level 10 in Axes
  8587 | D:8      | HP: 17/85 [wight/+4 trident (9)]
  8831 | D:8      | 8831 ||| Stepping ~*~*~tactically~*~*~ (hiding).
  8837 | D:8      | 8837 ||| INVOKING Berserk.
  9035 | D:8      | Found a hazy altar of Hepliaklqana.
  9157 | D:8      | 9157 ||| Stepping ~*~*~tactically~*~*~ (stealth).
  9158 | D:8      | 9158 ||| Stepping ~*~*~tactically~*~*~ (hiding).
  9159 | D:8      | 9159 ||| Stepping ~*~*~tactically~*~*~ (hiding).
  9160 | D:8      | 9160 ||| Stepping ~*~*~tactically~*~*~ (hiding).
  9168 | D:8      | 9168 ||| INVOKING Berserk.
  9172 | D:8      | Noticed Grum
  9176 | D:8      | Reached skill level 3 in Throwing
  9176 | D:8      | Reached XP level 10. HP: 64/64 MP: 10/10
  9188 | D:8      | Killed Grum
  9189 | D:8      | Reached skill level 6 in Armour
  9454 | D:8      | 9454 ||| Stepping ~*~*~tactically~*~*~ (hiding).
  9803 | D:8      | 9803 ||| INVOKING Berserk.
 10019 | D:8      | 10019 ||| UPGRADING to +0 plate armour.
 10029 | D:8      | 10029 ||| DROPPING +0 chain mail.
 10092 | D:9      | 10092 ||| Stepping ~*~*~tactically~*~*~ (stealth).
 10127 | D:9      | Found a staircase to the Orcish Mines.
 10199 | D:9      | 10199 ||| Stepping ~*~*~tactically~*~*~ (stealth).
 10226 | D:9      | 10226 ||| Stepping ~*~*~tactically~*~*~ (stealth).
 10227 | D:9      | 10227 ||| INVOKING Berserk.
 10242 | D:9      | Reached **** piety under Trog
 10264 | D:9      | 10264 ||| Stepping ~*~*~tactically~*~*~ (stealth).
 10352 | D:9      | 10352 ||| INVOKING Berserk.
 10612 | D:9      | Reached skill level 11 in Axes
 10682 | D:9      | 10682 ||| INVOKING Berserk.
 10825 | D:9      | 10825 ||| INVOKING Berserk.
 10831 | D:9      | Reached skill level 9 in Fighting
 11015 | D:9      | 11015 ||| INVOKING Berserk.
 11043 | D:9      | 11043 ||| Stepping ~*~*~tactically~*~*~ (stealth).
 11044 | D:9      | 11044 ||| FLEEEEING.
 11045 | D:9      | 11045 ||| FLEEEEING.
 11046 | D:9      | 11046 ||| FLEEEEING.
 11047 | D:9      | 11047 ||| FLEEEEING.
 11048 | D:9      | 11048 ||| FLEEEEING.
 11054 | D:9      | 11054 ||| INVOKING Berserk.
 11379 | D:9      | Noticed Joseph
 11395 | D:9      | Killed Joseph
 11396 | D:9      | Reached XP level 11. HP: 47/71 MP: 11/11
 11555 | D:9      | Noticed Erolcha
 11556 | D:9      | 11556 ||| INVOKING Trog's Hand.
 11559 | D:9      | 11559 ||| INVOKING Berserk.
 11562 | D:9      | Killed Erolcha
 11694 | D:9      | Found a shimmering altar of Xom.
 11694 | D:9      | Noticed qw's ghost (journeyman TrCA)
 11694 | D:9      | Noticed a +0 scimitar of chaos
 11695 | D:9      | Found a runed translucent door.
 11706 | D:9      | Reached skill level 12 in Axes
 11750 | D:9      | 11750 ||| INVOKING Berserk.
 11973 | D:9      | 11973 ||| READING scroll of enchant weapon.
 11973 | D:9      | 11973 ||| ENCHANTING +3 war axe of flaming.
 11983 | D:9      | Found a staircase to the Lair.
 12057 | D:9      | Found an ornate altar of the Wu Jian Council.
 12144 | D:9      | 12144 ||| PLANNING LAIR
 12144 | D:9      | 12144 ||| UPGRADING to +0 cloak.
 12149 | D:9      | 12149 ||| DROPPING ring of ice.
 12150 | D:9      | 12150 ||| READING 7 scrolls of identify.
 12150 | D:9      | 12150 ||| IDENTIFYING emerald potion
 12188 | Lair:1   | Entered Level 1 of the Lair of Beasts
 12227 | Lair:1   | Noticed a seven-headed hydra
 12231 | Lair:1   | 12231 ||| INVOKING Berserk.
 12234 | Lair:1   | Killed a four-headed hydra
 12235 | Lair:1   | Reached skill level 9 in Armour
 12374 | Lair:1   | 12374 ||| READING scroll of enchant weapon.
 12374 | Lair:1   | 12374 ||| ENCHANTING +4 war axe of flaming.
 12384 | Lair:1   | Identified the +5 short sword of Mecygyho {holy, rF+++ rC-
                  | rCorr Stlth+}
 12416 | Lair:1   | 12416 ||| INVOKING Berserk.
 12425 | Lair:1   | Noticed Amaemon
 12429 | Lair:1   | 12429 ||| DRINKING 9 potions of curing.
 12429 | Lair:1   | 12429 ||| (to cure confusion)
 12431 | Lair:1   | 12431 ||| DRINKING 8 potions of curing.
 12431 | Lair:1   | 12431 ||| (to cure confusion)
 12436 | Lair:1   | Killed Amaemon
 12438 | Lair:1   | HP: 14/72 [cane toad (16)]
 12439 | Lair:1   | 12439 ||| READING 11 scrolls of teleportation.
 12439 | Lair:1   | HP: 1/72 [komodo dragon (13)]
 12439 | Lair:1   | Slain by an orange demon

Levels and vault maps discovered:
D:1:      arrival_aquarium_a, layout_basic, basic_ecumenical_altar,
          minmay_ruptured
D:2:      layout_loops_ring, basic_altar, minmay_between
D:3:      layout_basic, serial_curves, eino_curves_03, eino_curves_04
D:4:      layout_gridville, fedhas_altar_decomposition, ebering_ghost_sewer_f,
          gup_sewer_entry_bubbles, uniq_sigmund
D:5:      layout_gridville, amcnicky_altar_gilded
D:6:      layout_basic, xom_confusion_cloud,
          chequers_temple_overflow_statue_of_worship,
          minmay_temple_entry_junction, serial_shops, nicolae_shop_behind_doors,
          minmay_holes, st_stairs_12
D:7:      layout_basic, mainiacjoe_overflow_24_doors, gammafunk_ghost_grave
D:8:      layout_basic, mainiacjoe_overflow_concentric_impassable, uniq_grum
D:9:      layout_roguey [special_room_orc], pdpol_wu_jian_five_deadly_venoms,
          lair_entry_dummy, david_orc_1_choice, ebering_ghost_xom,
          minmay_quadrilaterals, uniq_erolcha, uniq_joseph
Lair:1:   layout_cave_pods, grunt_megastairs_1, uniq_amaemon

Skill      XL: |  1  2  3  4  5  6  7  8  9 10 11 |
---------------+----------------------------------+-----
Axes           | 3 4 5 6 7 9 10 11 12 | 12.0
Fighting       | 4 5 6 8 9 |  9.8
Throwing       | 2 3 |  3.2
Armour         | 3 4 5 8 9 |  9.4
Dodging        | 2 |  2.0

Action                   |  1- 3 |  4- 6 |  7- 9 | 10-12 || total
-------------------------+-------+-------+-------+-------++-------
Melee: Hand axe          |   114 |       |       |       ||   114
       Punch             |     1 |       |     2 |     1 ||     4
       War axe           |       |   136 |   173 |   231 ||   540
Throw: Javelin           |       |       |    42 |    32 ||    74
Invok: Berserk           |     2 |     3 |    14 |    11 ||    30
       Trog's Hand       |       |       |       |     1 ||     1
  Use: Scroll            |     4 |     5 |    14 |     4 ||    27
       Potion            |       |     1 |     2 |     2 ||     5
Armor: Animal skin       |    25 |       |       |       ||    25
       Ring mail         |    13 |     9 |       |       ||    22
       Scale mail        |       |    20 |       |       ||    20
       Chain mail        |       |    26 |   110 |     9 ||   145
       Plate armour      |       |       |       |   131 ||   131
Dodge: Dodged            |    60 |    54 |    70 |    72 ||   256

Table legend:
 A = Non-vault XP
 B = Vault XP
 C = Vault XP percentage of total XP
 D = Non-vault monster count
 E = Vault monster count
 F = Vault count percentage of total count
                 A         B        C        D         E       F
            +---------+---------+-------+---------+---------+-------
      Total |    8132 |    5988 |  42.4 |     171 |      67 |  28.2
            +---------+---------+-------+---------+---------+-------
        D:1 |      36 |       2 |   5.3 |      21 |       1 |   4.5
        D:2 |      33 |       1 |   2.9 |      12 |       1 |   7.7
        D:3 |     107 |       0 |   0.0 |      26 |       0 |   0.0
        D:4 |     395 |     283 |  41.7 |      21 |       8 |  27.6
        D:5 |     695 |      35 |   4.8 |      13 |       1 |   7.1
        D:6 |     740 |     748 |  50.3 |      17 |       9 |  34.6
        D:7 |     440 |       0 |   0.0 |      14 |       0 |   0.0
        D:8 |    1567 |     423 |  21.3 |      21 |       3 |  12.5
        D:9 |    3048 |    3202 |  51.2 |      23 |      41 |  64.1
     Lair:1 |    1071 |    1294 |  54.7 |       3 |       3 |  50.0
            +---------+---------+-------+---------+---------+-------
